 Dungeon Crawl Stone Soup version 0.26-a0-466-g989023bd0d (webtiles) character file.

Game seed: 1633659068267628925

58181 HoaS the Brawler (level 14, -3/122 HPs)
             Began as a Ghoul Gladiator on Aug 3, 2020.
             Was the Champion of Makhleb.
             Slain by a warg (11 damage)
             ... on level 1 of the Orcish Mines.
             The game lasted 00:45:25 (15713 turns).

HoaS the Brawler (Ghoul Gladiator)                 Turns: 15713, Time: 00:45:26

Health: -3/122     AC: 34    Str: 20    XL:     14   Next: 89%
Magic:  0/13       EV: 13    Int:  3    God:    Makhleb [******]
Gold:   1658       SH:  0    Dex: 26    Spells: 13/13 levels left

rFire    . . .     SeeInvis .     - Unarmed
rCold    + + .     Faith    .   (no shield)
rNeg     + + +     Spirit   +   M - +10 plate armour "Manuitru" {Harm +Blink rPois rC+}
rPois    ∞         Reflect  .   n - +2 helmet of the New World {Dex+5}
rElec    .         Harm     +   g - +2 cloak
rCorr    .                      (no gloves)
MR       +....                  H - +2 pair of boots of Minor Irritation {Dex+2}
Stlth    ..........             y - amulet of guardian spirit
HPRegen  0.00/turn              F - +4 ring of slaying
MPRegen  0.13/turn              N - +6 ring of dexterity

@: no status effects
A: rotting body, claws 1, cold resistance 1, negative energy resistance 3,
inhibited regeneration, torment resistance, unbreathing
a: Minor Destruction, Lesser Servant of Makhleb, Major Destruction, Greater
Servant of Makhleb, Renounce Religion, Evoke Blink


You were on level 1 of the Orcish Mines.
You worshipped Makhleb.
Makhleb was exalted by your worship.
You visited 3 branches of the dungeon, and saw 20 of its levels.
You also visited: Ossuary.

You collected 1658 gold pieces.

Inventory:

Missiles
 e - 42 poisoned darts (quivered)
 q - 8 javelins
 C - 30 boomerangs
 J - 12 curare-tipped darts
Armour
 g - a +2 cloak (worn)
 n - the +2 helmet of the New World (worn) {Dex+5}
   (You took it off Robin on level 2 of the Dungeon)

   It affects your dexterity (+5).
 H - the +2 pair of boots of Minor Irritation (worn) {Dex+2}
   (You found it on level 9 of the Dungeon)

   It affects your dexterity (+2).
 M - the +10 plate armour "Manuitru" (worn) {Harm +Blink rPois rC+}
   (You found it on level 6 of the Lair of Beasts)

   It protects you from cold.
   It protects you from poison.
   It lets you blink.
   It increases damage dealt and taken.
Jewellery
 b - an uncursed ring of ice
 y - an amulet of guardian spirit (around neck)
 F - a +4 ring of slaying (left claw)
 K - an uncursed ring of ice
 L - an uncursed ring of stealth
 N - a +6 ring of dexterity (right claw)
 O - an uncursed ring of protection from magic {unknown}
Wands
 c - a wand of flame (37)
 h - a wand of polymorph (22)
 r - a wand of paralysis (10)
 w - a wand of acid (3)
 x - a wand of enslavement (7)
 E - a wand of digging (3)
 G - a wand of random effects (13)
 I - a wand of iceblast (16)
Scrolls
 a - 3 scrolls of fog
 d - 4 scrolls of magic mapping
 l - 5 scrolls of blinking
 m - 11 scrolls of remove curse
 t - 6 scrolls of teleportation
 z - 2 scrolls of fear
 D - 6 scrolls of identify
Potions
 f - 3 potions of invisibility
 i - 3 potions of heal wounds
 j - 7 potions of mutation
 k - 11 potions of curing
 o - 2 potions of ambrosia
 p - 4 potions of cancellation
 s - 2 potions of might
 u - 6 potions of lignification
 v - 2 potions of haste
 A - 3 potions of flight
 B - 4 potions of resistance


   Skills:
 + Level 10.6 Fighting
 - Level 1.7 Throwing
 + Level 8.8 Armour
 + Level 9.2 Dodging
 * Level 20.2 Unarmed Combat


You had 13 spell levels left.
You didn't know any spells.
Your spell library contained the following spells:

 Spells                   Type           Power        Failure   Level
 Animate Skeleton         Necr           #.....       100%        1
 Apportation              Tloc           #.....       100%        1
 Corona                   Hex            #......      100%        1
 Magic Dart               Conj           #...         100%        1
 Summon Small Mammal      Summ           #...         100%        1
 Blink                    Tloc           N/A          100%        2
 Call Imp                 Summ           #.......     100%        2
 Ensorcelled Hibernation  Hex/Ice        #.....       100%        2
 Slow                     Hex            #.......     100%        2
 Conjure Flame            Conj/Fire      #.......     100%        3
 Ignite Poison            Fire/Tmut/Pois #.......     100%        3
 Lesser Beckoning         Tloc           #.........   100%        3
 Mephitic Cloud           Conj/Pois/Air  #.......     100%        3
 Tukima's Dance           Hex            #.......     100%        3
 Alistair's Intoxication  Tmut/Pois      #........    100%        5
 Bolt of Magma            Conj/Fire/Erth #.........   100%        5
 Borgnjor's Vile Clutch   Necr/Erth      #.........   100%        5
 Fireball                 Conj/Fire      #.........   100%        5
 Iskenderun's Battlesphe  Conj           #.......     100%        5
 Silence                  Hex/Air        #.........   100%        5
 Invisibility             Hex            #.......     100%        6
 Iron Shot                Conj/Erth      #.........   100%        6
 Shadow Creatures         Summ           N/A          100%        6
 Starburst                Conj/Fire      #.........   100%        6
 Orb of Destruction       Conj           #.........   100%        7
 Spellforged Servitor     Conj/Summ      #.........   100%        7
 Ignition                 Fire           #.........   100%        8
 Beastly Appendage        Tmut           Unusable     N/A         1
 Wereblood                Tmut           Unusable     N/A         2
 Spider Form              Tmut/Pois      Unusable     N/A         3
 Ice Form                 Ice/Tmut       Unusable     N/A         4
 Blade Hands              Tmut           Unusable     N/A         5

Dungeon Overview and Level Annotations

Branches:
Dungeon (12/15)            Temple (0/1) D:6            Lair (6/6) D:8
 Shoals (0/4) Lair:2        Snake (0/4) Lair:2        Slime (0/5) Lair:5
    Orc (2/2) D:11        Ossuary (visited)
    Elf: Orc:2

Altars:
Ashenzari
Dithmenos
Fedhas
Kikubaaqudgha
Makhleb
Uskayaw
Wu Jian
Xom
Zin

Shops:
D:6 (   D:12 :

Annotations:
Lair:5 exclusion: 2 oklob plants
Orc:2 Nessos


Innate Abilities, Weirdness & Mutations

Your body is rotting away.
You thrive by killing the living.
You are immune to poison.
You have sharp fingernails.
Your flesh is cold resistant. (rC+)
You are immune to negative energy. (rN+++)
You do not regenerate when monsters are visible.
You are immune to unholy pain and torment.
You can survive without breathing.


Message History

Nessos shoots an arrow.
The arrow barely misses you.
You see here an arrow.
Nessos shoots an arrow.
The arrow hits you!
* * * LOW HITPOINT WARNING * * *
The arrow burns you.
* * * LOW HITPOINT WARNING * * *
You see here an arrow.
There is a stone staircase leading up here.
Nessos blinks! x2
You climb upwards.
The ogre shouts!
The warg howls!
The ogre shouts!
Reactivating autopickup.
An orc wizard comes into view. It is wielding a +0 dagger.
The warg misses you.
There is a stone staircase leading down here.
There are monsters nearby!
You claw the warg!
The warg is severely wounded.
The warg bites you!
You die...

## ##.### ##
#.....### ..##
##......###...#
#...O........##
...............
........h......
..O....@...#
....###...## .
....# ......#
...#...# ...o
##.. .#... ...
..##.. ...#


You could see a warg, 2 ogres and an orc wizard.

Vanquished Creatures
  Frances (D:12)
  Gastronok (D:12)
  6 dire elephants (Lair:6)
  Snorg (Orc:2)
  A hydra (Lair:1)
  An anaconda (Lair:6)
  The ghost of kal9871 the Grappler, a novice TrFi (D:10)
  Erica (Lair:2)
  3 two-headed ogres
  Nergalle (D:12)
  Sonja (Orc:2)
  A manticore (D:11)
  A wolf spider (Lair:5)
  9 elephants (Lair:6)
  A cyclops (D:12)
  Maurice (D:12)
  7 black mambas
  5 centaur zombies
  A gargoyle (D:12)
  Maggie (D:7)
  Psyche (D:8)
  A torpor snail (Lair:6)
  16 cane toads
  6 komodo dragons
  A rime drake (Lair:1)
  A troll (D:12)
  2 polar bears
  10 hippogriffs
  A hornet (Lair:5)
  9 blink frogs
  Sigmund (D:2)
  A wyvern (D:8)
  71 yaks
  A wraith (Ossuary)
  3 basilisks
  3 vampire mosquitoes (D:12)
  An acid dragon (D:11)
  5 wargs
  2 nagas (Lair:2)
  17 water moccasins
  4 orc warriors
  14 porcupines
  2 sky beasts
  3 ice beasts
  2 black bears
  4 phantoms
  An ogre (Orc:2)
  A necrophage (D:8)
  13 wolves
  11 centaurs
  9 crocodiles
  An elf zombie (Ossuary)
  2 big kobolds
  18 bullfrogs
  A wyvern skeleton (D:12)
  2 scorpions
  17 killer bees
  A wight (D:11)
  An electric eel (Lair:3)
  2 howler monkeys
  2 quasits
  A bullfrog zombie (D:6)
  6 jellies
  A gnoll shaman (D:8)
  3 orc priests
  A bullfrog skeleton (D:10)
  3 centaur skeletons
  4 hounds
  8 orc wizards
  Ijyb (D:3)
  8 worker ants
  An iguana (D:4)
  A big kobold zombie (Ossuary)
  3 mummies (Ossuary)
  4 hound skeletons
  A worker ant zombie (D:5)
  Robin (D:2)
  3 gnolls (D:8)
  11 adders
  2 white imps (D:6)
  2 oozes
  4 ufetubi
  3 adder skeletons
  A dart slug (D:1)
  3 leopard geckos
  28 orcs
  7 bats
  3 giant cockroaches
  15 goblins
  7 hobgoblins
  12 jackals
  13 kobolds
  3 quokkas
  7 frilled lizards
  2 goblin zombies (Ossuary)
  2 hobgoblin zombies (Ossuary)
  A jackal zombie (D:5)
  2 kobold zombies (Ossuary)
  A quokka skeleton (D:8)
  6 rats
  3 plants (Lair:6)
497 creatures vanquished.

Vanquished Creatures (others)
  13 fungi
  19 plants
32 creatures vanquished.

Grand Total: 529 creatures vanquished

Notes
Turn   | Place    | Note
-------+----------+-------------------------------------------
     0 | D:1      | HoaS the Ghoul Gladiator began the quest for the Orb.
     0 | D:1      | Reached XP level 1. HP: 17/17 MP: 0/0
    70 | D:1      | Reached XP level 2. HP: 11/24 MP: 1/1
   382 | D:1      | Reached skill level 4 in Unarmed Combat
   667 | D:1      | Reached XP level 3. HP: 29/29 MP: 2/2
  1046 | D:2      | Identified the +2 helmet of the New World {Dex+5}
  1046 | D:2      | Noticed Robin
  1207 | D:2      | Killed Robin
  1207 | D:2      | Reached skill level 5 in Unarmed Combat
  1234 | D:2      | Reached XP level 4. HP: 23/36 MP: 3/3
  1584 | D:2      | Noticed Sigmund
  1619 | D:2      | Killed Sigmund
  1619 | D:2      | Reached skill level 7 in Unarmed Combat
  1619 | D:2      | Reached XP level 5. HP: 30/41 MP: 4/4
  1619 | D:2      | Reached XP level 6. HP: 35/48 MP: 5/5
  2032 | D:3      | Noticed Ijyb
  2039 | D:3      | Killed Ijyb
  2279 | D:4      | Found an ornate altar of the Wu Jian Council.
  2309 | D:4      | Found a sand-covered staircase.
  2319 | Ossuary  | Entered an ossuary
  2319 | Ossuary  | Noticed a wraith
  2319 | Ossuary  | Noticed a wraith
  2319 | Ossuary  | Noticed a wraith
  2479 | Ossuary  | Reached skill level 8 in Unarmed Combat
  2748 | Ossuary  | Noticed a wraith
  2758 | Ossuary  | Killed a wraith
  2758 | Ossuary  | Reached XP level 7. HP: 55/55 MP: 6/6
  2857 | Ossuary  | Reached skill level 9 in Unarmed Combat
  3005 | D:4      | Found a shimmering altar of Xom.
  3021 | D:4      | Found an ancient bone altar of Kikubaaqudgha.
  3031 | D:4      | Found a blossoming altar of Fedhas.
  3499 | D:5      | Entered Level 5 of the Dungeon
  3539 | D:5      | Reached skill level 10 in Unarmed Combat
  3539 | D:5      | Reached XP level 8. HP: 40/61 MP: 4/7
  3904 | D:5      | Reached skill level 11 in Unarmed Combat
  4270 | D:5      | Found a shattered altar of Ashenzari.
  4384 | D:6      | Found a burning altar of Makhleb.
  4384 | D:6      | Noticed a blizzard demon
  4387 | D:6      | Noticed a smoke demon
  4389 | D:6      | Became a worshipper of Makhleb the Destroyer
  4426 | D:6      | You fall into a shaft and drop 1 floor!
  4426 | D:7      | Found a hide-covered altar of Uskayaw.
  4603 | D:6      | Found a staircase to the Ecumenical Temple.
  4782 | D:6      | Reached skill level 12 in Unarmed Combat
  4828 | D:6      | Reached XP level 9. HP: 67/67 MP: 8/8
  5024 | D:6      | Found Ywnoec's Antique Weapon Shoppe.
  5130 | D:7      | Noticed Maggie
  5136 | D:7      | Killed Maggie
  5140 | D:7      | Reached * piety under Makhleb
  5191 | D:7      | Reached skill level 13 in Unarmed Combat
  5758 | D:8      | Reached skill level 14 in Unarmed Combat
  5979 | D:8      | Reached ** piety under Makhleb
  6074 | D:8      | Noticed Psyche
  6079 | D:8      | Killed Psyche
  6079 | D:8      | Reached XP level 10. HP: 73/73 MP: 9/9
  6104 | D:8      | Reached skill level 15 in Unarmed Combat
  6149 | D:8      | Found a staircase to the Lair.
  6913 | D:9      | Reached *** piety under Makhleb
  6915 | D:9      | Noticed a two-headed ogre
  6948 | D:9      | Killed a two-headed ogre
  6948 | D:9      | Reached skill level 16 in Unarmed Combat
  6974 | D:9      | Reached skill level 1 in Armour
  7013 | D:9      | Found a shadowy altar of Dithmenos.
  7061 | D:9      | Got a pair of distressingly furry boots
  7072 | D:9      | Identified the +2 pair of boots of Minor Irritation {Dex+2}
                  | (You found it on level 9 of the Dungeon)
  7485 | D:9      | Found a glowing silver altar of Zin.
  7596 | D:10     | Entered Level 10 of the Dungeon
  7596 | D:10     | Found a large runed translucent door.
  7596 | D:10     | Found a large runed translucent door.
  7596 | D:10     | Noticed kal9871's ghost (novice TrFi)
  7689 | D:10     | Reached XP level 11. HP: 82/82 MP: 10/10
  7957 | D:10     | Noticed a two-headed ogre
  7978 | D:10     | Killed a two-headed ogre
  8169 | Lair:1   | Entered Level 1 of the Lair of Beasts
  8175 | Lair:1   | Reached **** piety under Makhleb
  8293 | Lair:1   | Reached skill level 5 in Fighting
  8345 | Lair:1   | Noticed a four-headed hydra
  8359 | Lair:1   | Killed a four-headed hydra
  8359 | Lair:1   | Reached skill level 17 in Unarmed Combat
  8415 | Lair:1   | Reached skill level 5 in Dodging
  8508 | Lair:1   | Reached XP level 12. HP: 95/95 MP: 11/11
  8821 | Lair:2   | Found a staircase to the Shoals.
  8913 | Lair:2   | Noticed Erica
  8929 | Lair:2   | Killed Erica
  8929 | Lair:2   | Reached skill level 5 in Armour
  8951 | Lair:2   | Found a staircase to the Snake Pit.
  9326 | Lair:2   | Reached ***** piety under Makhleb
  9875 | Lair:3   | Reached skill level 18 in Unarmed Combat
 10563 | Lair:4   | Found the +6 lightning scales {run, rElec}
 10654 | Lair:3   | Reached XP level 13. HP: 107/107 MP: 10/12
 11179 | Lair:5   | Found a staircase to the Slime Pits.
 12181 | Lair:6   | Entered Level 6 of the Lair of Beasts
 12352 | Lair:6   | Reached skill level 19 in Unarmed Combat
 12519 | Lair:6   | Reached ****** piety under Makhleb
 12721 | Lair:6   | Got a glimmering plate armour
 12722 | Lair:6   | Identified the +10 plate armour "Manuitru" {Harm +Blink
                  | rPois rC+} (You found it on level 6 of the Lair of Beasts)
 13201 | Lair:6   | Reached XP level 14. HP: 118/118 MP: 10/13
 13308 | Lair:6   | Noticed a dire elephant
 13318 | Lair:6   | Killed a dire elephant
 13350 | Lair:6   | Noticed a dire elephant
 13350 | Lair:6   | Noticed a dire elephant
 13360 | Lair:6   | Killed a dire elephant
 13376 | Lair:6   | Killed a dire elephant
 13544 | Lair:6   | Noticed a dire elephant
 13557 | Lair:6   | Killed a dire elephant
 13588 | Lair:6   | Noticed a dire elephant
 13588 | Lair:6   | Noticed a dire elephant
 13606 | Lair:6   | Killed a dire elephant
 13614 | Lair:6   | Killed a dire elephant
 13899 | D:10     | Killed kal9871's ghost
 14130 | D:11     | Reached skill level 10 in Fighting
 14358 | D:11     | Found a staircase to the Orcish Mines.
 14579 | D:12     | Noticed Nergalle
 14587 | D:12     | Killed Nergalle
 14734 | D:12     | Noticed Maurice
 14739 | D:12     | Killed Maurice
 14845 | D:12     | Noticed Frances
 14855 | D:12     | Killed Frances
 14855 | D:12     | Reached skill level 20 in Unarmed Combat
 14943 | D:12     | Found Lueddyaj's Book Emporium.
 15057 | D:12     | Noticed Gastronok
 15067 | D:12     | Killed Gastronok
 15304 | Orc:1    | Entered Level 1 of the Orcish Mines
 15403 | Orc:2    | Entered Level 2 of the Orcish Mines
 15408 | Orc:2    | Noticed Sonja
 15427 | Orc:2    | Killed Sonja
 15507 | Orc:2    | Noticed Snorg
 15644 | Orc:2    | Killed Snorg
 15682 | Orc:2    | Noticed Nessos
 15713 | Orc:1    | Slain by a warg

Illustrated notes

Levels and vault maps discovered:
D:1:      dpeg_arrival_simpleton_c, layout_loops_ring
D:2:      layout_loops_ring, uniq_robin, uniq_sigmund
D:3:      layout_basic, uniq_ijyb
D:4:      layout_basic, nicolae_overflow_quartered_altars, enter_ossuary_2
D:5:      layout_loops_ring, lemuel_coloured_pillars_altar
D:6:      layout_loops_ring, minmay_temple_entry_slanted, serial_shops,
          kennysheep_little_box, makhleb_altar_promises_db
D:7:      layout_basic, eat_drink_and_be_merry_uskayaw, uniq_maggie
D:8:      layout_basic, erik_lair_orcish_takeover, uniq_psyche
D:9:      corexii_shack_village, layout_irregular_city,
          nicolae_dithmenos_shadow_blocks, zin_scriptorium,
          chequers_serial_rivers_micro_a
D:10:     layout_rooms, ebering_ghost_disaster_area
D:11:     layout_gridville, minmay_orc_entry_guard_dogs, st_stairs_6
D:12:     layout_roguey, glass_columns_a, kennysheep_windowed_goal,
          uniq_frances, uniq_gastronok, uniq_nergalle, uniq_maurice
Lair:1:   layout_roguey, beast_lair_carwin_4
Lair:2:   layout_chaotic_city, minmay_shoals_entry_centaurs,
          guppyfry_snake_entry_garden, uniq_erica
Lair:3:   layout_hall_layers, serial_bayou_pond_e, serial_bayou_ford_a,
          serial_bayou_shore_b
Lair:4:   layout_hall_layers, serial_bayou_shore_a, lemuel_fruit_fields
Lair:5:   minmay_lair_venomous_thicket, layout_hall_layers,
          minmay_slime_entry_oklob_open, st_stairs_5, beast_lair_carwin_1
Lair:6:   due_jungle_book, layout_regular_city
Orc:1:    layout_diamond_mine
Orc:2:    grunt_orc_community_town_hall, layout_caves,
          grunt_orc_community_big_house_1, grunt_orc_community_big_house_2,
          grunt_orc_community_house_3, grunt_orc_community_house_2,
          grunt_orc_community_house_2, grunt_orc_community_house_3,
          grunt_orc_community_house_1, grunt_orc_community_house_2, uniq_snorg,
          uniq_nessos, uniq_sonja

Skill      XL: |  1  2  3  4  5  6  7  8  9 10 11 12 13 14 |
---------------+-------------------------------------------+-----
Unarmed Combat | 4 5 7 8 10 12 14 16 17 18 19 20 | 20.2
Armour         | 2 4 6 7 8 |  8.8
Dodging        | 3 5 6 8 9 |  9.2
Fighting       | 3 5 7 9 10 | 10.6
Throwing       | |  1.7

Action                   |  1- 3 |  4- 6 |  7- 9 | 10-12 | 13-15 || total
-------------------------+-------+-------+-------+-------+-------++-------
Melee: Unarmed           |   120 |    87 |   289 |   579 |   636 ||  1711
       Punch             |     1 |     6 |    14 |    61 |    97 ||   179
Throw: Throwing net      |       |     4 |       |     2 |       ||     6
       Dart              |       |     1 |       |     5 |    23 ||    29
Evoke: Wand              |       |     2 |     4 |     2 |     3 ||    11
  Use: Scroll            |     5 |     5 |    14 |     8 |     7 ||    39
       Potion            |       |     3 |       |       |       ||     3
 Stab: Held in net/web   |       |     2 |       |     1 |       ||     3
       Sleeping          |       |     1 |       |       |     2 ||     3
Armor: Leather armour    |    39 |    14 |     5 |       |       ||    58
       Ring mail         |       |       |    25 |       |       ||    25
       Plate armour      |       |       |    25 |       |   157 ||   182
       Scale mail        |       |       |    13 |       |       ||    13
       Swamp dragon scal |       |       |    38 |   206 |   106 ||   350
Dodge: Dodged            |    66 |    36 |   146 |   312 |   350 ||   910

Table legend: (Time is in decaauts)
 A = Elapsed time spent in this place.
 B = Non-inter-level travel time spent in this place.
 C = Inter-level travel time spent in this place.
 D = Time resting spent in this place.
 E = Time spent auto-exploring this place.
 F = Levels seen in this place.
 G = Mean time per level.
                   A        B        C        D        E       F      G
               +--------+--------+--------+--------+--------+-----+--------+
         Total |  15284 |  14113 |   1171 |   1393 |   9527 |  21 |  727.8 |
       Dungeon |   8839 |   8068 |    771 |    697 |   5700 |  12 |  736.6 |
          Lair |   5439 |   5039 |    400 |    403 |   3391 |   6 |  906.5 |
  Orcish Mines |    401 |    401 |      0 |    125 |    160 |   2 |  200.5 |
       Ossuary |    604 |    604 |      0 |    168 |    274 |   1 |  604.0 |
               +--------+--------+--------+--------+--------+-----+--------+

Top non-repeatable levels by time:
  Lair:6: 1492 daAuts
  Lair:2: 1072 daAuts
     D:9: 1053 daAuts
  Lair:5: 994 daAuts
     D:1: 985 daAuts
     D:8: 878 daAuts
     D:5: 845 daAuts
     D:6: 723 daAuts
    D:12: 702 daAuts
     D:2: 701 daAuts
  Lair:1: 658 daAuts
  Lair:3: 656 daAuts
     D:4: 640 daAuts
    D:11: 626 daAuts
 Ossuary: 604 daAuts
